Map: Gresvan LE

Players

cicada

  • Race: Zerg Zerg
  • League: Diamond
  • Spawn Location: 5:00

TheMindsEye - Winner!

  • Race: Terran Terran
  • League: Diamond
  • Spawn Location: 11:00

VOD

Have the link to the VOD?

Description

Time

  • Played on: June 14, 2023, 5:57 p.m.
  • Length: 57:19
Show
View Real Time Build Order
Export as new Build Order

cicada Zerg 

Build Orders: Pool First, Lurkers 

Get SALT Encoding   

  12  0:10  Overlord  
  12  0:17  Drone  
  12  0:19  Drone  
  14  0:32  Drone  
  14  0:35  Drone  
  17  0:42  Drone  
  17  0:51  Spawning Pool  
  17  0:54  Drone  
  17  1:06  Extractor  
  16  1:17  Drone x2  
  18  1:31  Drone  
  19  1:51  Hatchery  
  19  1:52  Hatchery  
  17  1:59  Queen  
  19  2:09  Roach Warren  
  18  2:24  Drone x3  
  22  2:55  Overlord  
  22  2:59  Overlord  
  22  3:02  Queen  
  24  3:05  Roach  
  25  3:17  Roach  
  27  3:22  Roach x4  
  27  3:23  Overlord  
  35  3:35  Drone  
  35  3:39  Overlord x2  
  36  3:54  Lair  
  36  3:57  Drone  
  36  3:59  Extractor  
  36  4:01  Spine Crawler, Queen  
  37  4:03  Ravager  
  38  4:11  Ravager  
  38  4:12  Drone  
  38  4:13  Drone x2  
  42  4:32  Spine Crawler  
  42  4:34  Spine Crawler  
  42  4:36  Spore Crawler  
  39  4:52  Ravager  
  38  4:57  Zergling x2  
  38  4:58  Zergling x6  
  42  5:23  Spire  
  31  5:57  Burrow  
  28  6:18  Metabolic Boost  
  28  6:29  Hatchery  
  25  7:02  Drone  
  25  7:03  Drone x17  
  40  7:24  Zergling x2  
  40  7:25  Zergling x8  
  42  7:40  Evolution Chamber  
  42  7:42  Queen  
  42  7:43  Zergling x2  
  44  7:44  Zergling x2  
  45  7:54  Zergling x2  
  45  7:55  Zergling x6  
  47  8:01  Zergling x2  
  43  8:10  Zergling x2  
  43  8:11  Zergling x2  
  40  8:19  Zergling x6  
  41  8:25  Zergling x2  
  41  8:28  Zergling x2  
  41  8:29  Zergling x2  
  41  8:39  Zergling x2  
  41  8:40  Zergling x6  
  45  8:47  Zergling x2  
  45  8:48  Zergling x4  
  47  8:57  Zergling x2  
  47  8:58  Zergling x4  
  48  9:15  Hydralisk Den  
  47  9:25  Drone x4  
  47  9:29  Hatchery  
  46  9:55  Drone  
  46  9:56  Drone x10  
  46  9:58  Overlord  
  54  10:18  Extractor  
  54  10:19  Extractor  
  52  10:36  Drone x3  
  52  10:37  Drone x2, Overlord x3  
  52  10:38  Overlord  
  57  11:04  Queen x2  
  61  11:13  Mutalisk  
  61  11:14  Mutalisk x11  
  85  11:20  Extractor  
  85  11:22  Extractor  
  83  11:26  Drone x3  
  83  11:27  Drone x2, Overlord  
  88  11:37  Overlord x3  
  88  11:44  Spore Crawler  
  83  12:08  Hydralisk  
  85  12:16  Drone  
  85  12:17  Drone x4, Infestation Pit  
  85  12:18  Drone  
  85  12:20  Drone x3, Overlord  
  85  12:21  Overlord, Lurker Den  
  92  12:25  Drone  
  92  12:26  Drone x4  
  89  13:04  Hive  
  89  13:06  Pathogen Glands  
  89  13:09  Zerg Missile Weapons Level 1  
  89  13:10  Hydralisk  
  89  13:11  Hydralisk x11  
  113  13:17  Spore Crawler  
  112  13:42  Lurker x5  
  117  13:55  Hatchery  
  116  14:15  Grooved Spines  
  116  14:20  Greater Spire  
  116  14:21  Seismic Spines  
  116  14:25  Lurker x3  
  109  15:10  Drone  
  109  15:11  Drone x15  
  109  15:12  Hydralisk x9  
  143  15:21  Overlord x4  
  143  15:31  Overlord x3  
  143  15:34  Extractor  
  142  15:36  Extractor  
  142  15:37  Spore Crawler  
  142  15:38  Overlord x2  
  142  15:40  Corruptor  
  142  15:41  Corruptor x4  
  150  15:46  Queen x2  
  150  15:47  Overlord, Queen  
  154  15:55  Drone x2  
  154  15:56  Drone x4  
  156  16:24  Queen x2  
  160  16:31  Brood Lord x5  
  170  16:44  Hatchery  
  165  16:52  Overseer x3  
  165  16:53  Overlord x3, Pneumatized Carapace  
  147  17:56  Overlord  
  147  17:57  Overlord x4  
  131  18:36  Corruptor x6  
  131  18:40  Drone x3, Extractor  
  145  18:41  Drone x2  
  145  18:42  Drone x2  
  145  18:43  Queen x3  
  155  18:57  Adaptive Talons  
  152  19:23  Hatchery  
  146  19:26  Spine Crawler  
  141  19:36  Zergling x2  
  141  19:37  Zergling x34  
  141  19:38  Zergling x6  
  146  19:45  Brood Lord x5  
  148  19:46  Brood Lord  
  148  19:47  Corruptor x6  
  148  19:51  Lurker  
  148  19:52  Lurker x2  
  155  20:17  Zergling x20  
  155  20:18  Zergling x2  
  158  20:25  Brood Lord x3  
  154  20:29  Hatchery  
  151  21:12  Overlord  
  151  21:13  Overlord  
  151  21:25  Drone x3  
  154  21:26  Extractor  
  154  21:27  Extractor  
  154  21:29  Extractor  
  149  21:39  Extractor, Viper x3  
  157  21:41  Extractor  
  157  21:44  Drone x4  
  160  21:47  Hatchery  
  143  22:08  Brood Lord x3  
  137  22:34  Drone x3  
  137  22:35  Drone x3  
  137  22:36  Drone x13  
  154  22:53  Zergling x2  
  154  22:54  Zergling x22  
  144  23:05  Zergling x2  
  144  23:06  Zergling x16  
  144  23:11  Zergling x2  
  144  23:12  Zergling x6  
  126  23:22  Zergling x2  
  126  23:23  Zergling x12  
  126  23:26  Adrenal Glands  
  133  23:29  Zergling x2  
  133  23:30  Zergling x6  
  134  23:34  Zergling x2  
  134  23:35  Zergling x2  
  134  23:39  Zergling x6  
  134  23:41  Zergling x4  
  128  23:44  Zergling x2  
  97  23:58  Zergling x2  
  97  23:59  Zergling x2  
  97  24:01  Zergling x18  
  103  24:07  Zergling x6  
  106  24:11  Zergling x6  
  106  24:12  Zergling x26  
  106  24:16  Zergling x2  
  123  24:17  Zergling x8  
  123  24:22  Zergling x2  
  123  24:23  Zergling x6  
  129  24:25  Zergling x2  
  129  24:26  Zergling x10  
  130  24:34  Zergling x6  
  130  24:37  Zergling x2  
  131  24:47  Zergling x2  
  131  24:48  Zergling x10  
  131  24:49  Mutalisk  
  131  24:50  Mutalisk x3  
  118  24:55  Zergling x2  
  118  24:56  Zergling x8  
  107  25:05  Mutalisk x3  
  111  25:17  Queen x2, Extractor  
  111  25:18  Queen  
  116  25:25  Hatchery  
  115  25:28  Extractor  
  115  25:29  Extractor  
  115  25:30  Hatchery  
  115  25:33  Mutalisk x9  
  115  25:34  Mutalisk x7  
  99  26:36  Queen  
  84  26:49  Hydralisk x12  
  84  26:50  Hydralisk x5  
  118  27:15  Overseer x4  
  118  27:16  Overseer  
  117  27:28  Zergling x24  
  129  27:41  Drone  
  129  27:42  Drone x13  
  141  27:58  Zergling x26  
  135  27:59  Zergling x16  
  135  28:04  Zergling x2  
  135  28:05  Zergling x4  
  146  28:29  Hatchery  
  131  28:59  Zergling x18  
  131  29:00  Zergling x22  
  129  29:09  Zergling x2  
  108  29:29  Zergling x24  
  109  29:44  Hatchery  
  102  30:01  Lurker  
  103  30:13  Drone x4  
  107  30:15  Queen x2, Extractor x2  
  104  30:50  Drone  
  104  30:51  Drone x3  
  108  30:57  Drone x2  
  108  30:58  Drone x3  
  108  30:59  Drone x10  
  123  31:34  Spore Crawler  
  104  31:40  Spore Crawler  
  84  32:27  Drone x2  
  84  32:28  Drone x2  
  87  32:32  Spore Crawler  
  87  32:34  Spore Crawler  
  85  32:40  Spore Crawler  
  83  32:47  Overseer x2  
  83  32:48  Overseer x3  
  83  32:50  Drone  
  83  32:51  Drone x2  
  79  33:05  Drone x3  
  69  33:06  Drone x4  
  69  33:10  Zerg Missile Weapons Level 2  
  72  33:13  Roach  
  72  33:14  Roach x21  
  72  33:15  Roach x3  
  121  33:30  Spine Crawler  
  120  33:43  Spore Crawler  
  120  33:44  Overseer x4  
  120  33:47  Spore Crawler  
  116  33:56  Hatchery  
  116  33:57  Drone  
  116  33:58  Drone x3  
  116  33:59  Drone x3  
  122  34:13  Glial Reconstitution  
  122  34:17  Neural Parasite  
  122  34:24  Drone x4  
  124  34:25  Drone x2  
  124  34:31  Extractor  
  127  34:32  Drone  
  127  34:33  Drone x5, Extractor  
  128  34:48  Infestor x3  
  128  34:49  Infestor x2  
  127  35:26  Extractor  
  126  35:32  Tunneling Claws  
  124  35:58  Drone x4  
  124  35:59  Drone x4  
  124  36:02  Drone x3  
  124  36:03  Drone  
  137  36:07  Spore Crawler  
  134  36:14  Corruptor x6  
  134  36:15  Corruptor x4  
  141  37:04  Hatchery  
  126  37:44  Hydralisk  
  126  37:45  Hydralisk x20  
  126  37:46  Drone  
  158  38:14  Lurker x4  
  162  39:06  Drone x6  
  165  40:13  Hatchery  
  134  41:21  Lurker x4  
  134  41:22  Lurker x8  
  134  41:23  Lurker x5  
  120  42:12  Viper x2  
  101  44:47  Hatchery  
  100  45:05  Drone  
  100  45:06  Drone x4  
  105  45:09  Roach x8  
  105  46:14  Drone  
  105  46:15  Drone x5  
  96  47:16  Hatchery  
  95  47:35  Drone x2  
  88  49:05  Spire  
  85  50:15  Drone  
  85  50:16  Drone x5  
  85  50:18  Corruptor x3  
  97  50:51  Drone  
Show
View Real Time Build Order
Export as new Build Order

TheMindsEye Terran - Winner!

Build Orders:  

Get SALT Encoding   

  12  0:01  SCV  
  13  0:13  SCV  
  14  0:21  Supply Depot  
  14  0:25  SCV  
  15  0:33  Refinery  
  15  0:42  SCV  
  16  0:54  Engineering Bay  
  16  1:02  Barracks  
  16  1:03  SCV  
  17  1:15  SCV  
  18  1:27  SCV  
  19  1:35  Refinery  
  19  1:39  SCV  
  20  1:45  Engineering Bay  
  20  1:53  Supply Depot, Reaper  
  21  2:08  Bunker  
  21  2:13  Command Center  
  21  2:25  Engineering Bay  
  21  2:32  Marine  
  22  2:38  SCV  
  23  2:50  Marine  
  24  3:18  Planetary Fortress  
  24  3:24  Marine  
  25  3:30  Command Center  
  25  3:42  Marine  
  26  3:51  Factory  
  26  3:55  Factory  
  26  4:04  SCV  
  27  4:16  Bunker, SCV  
  27  4:32  Supply Depot  
  27  4:34  Planetary Fortress  
  27  4:39  Factory Tech Lab  
  26  4:50  Factory Tech Lab  
  25  4:57  Cyclone  
  28  5:01  SCV  
  29  5:11  Cyclone  
  32  5:15  SCV  
  32  5:26  SCV  
  32  5:27  SCV  
  31  5:39  SCV  
  31  6:06  SCV  
  32  6:17  Factory Tech Lab  
  32  6:19  SCV  
  33  6:32  SCV  
  34  6:40  Cyclone  
  34  6:41  Cyclone  
  34  6:44  SCV  
  41  6:56  SCV  
  42  7:07  Starport  
  42  7:29  SCV x2  
  44  7:41  SCV  
  46  7:44  Starport Tech Lab  
  46  7:45  Supply Depot  
  46  7:50  SCV  
  46  7:53  SCV, Refinery x2  
  46  7:55  Refinery  
  47  8:02  SCV  
  49  8:05  SCV  
  49  8:14  SCV  
  49  8:17  SCV  
  51  8:29  SCV  
  51  8:33  Planetary Fortress  
  49  8:44  Hellion x2  
  53  8:58  Raven  
  49  9:13  Cyclone  
  49  9:14  Cyclone  
  55  9:18  SCV x2  
  57  9:27  Supply Depot  
  57  9:30  SCV x2  
  59  9:42  SCV, Factory x2  
  60  9:49  Hellion  
  55  10:06  Hellion  
  57  10:11  Hellion  
  57  10:12  Missile Turret  
  60  10:14  SCV x2  
  60  10:15  Missile Turret, Supply Depot  
  60  10:17  Missile Turret  
  60  10:18  Missile Turret  
  60  10:20  Missile Turret  
  61  10:21  Missile Turret x2  
  61  10:25  Factory Tech Lab x2  
  61  10:26  SCV x2  
  61  10:27  Hellion  
  65  10:38  SCV x2  
  65  10:42  Cyclone  
  70  10:45  Mag-Field Accelerator  
  70  10:50  SCV x2, Viking  
  74  11:01  Cyclone  
  74  11:02  Armory  
  77  11:09  Factory  
  77  11:16  Command Center  
  77  11:19  Supply Depot  
  77  11:20  Supply Depot  
  77  11:33  Refinery  
  77  11:40  SCV x2, Hellion, Cyclone  
  77  11:42  Hellion x2  
  77  11:43  Supply Depot  
  88  11:47  Supply Depot  
  88  11:52  SCV  
  89  11:59  Hellion  
  98  12:11  Missile Turret  
  98  12:13  Missile Turret  
  98  12:15  Missile Turret  
  93  12:23  Cyclone x2  
  93  12:24  Cyclone  
  100  12:30  Missile Turret  
  100  12:32  Missile Turret  
  100  12:38  Missile Turret  
  97  12:53  SCV x2  
  97  12:55  Cyclone  
  97  12:56  Cyclone x2  
  108  13:02  Factory Tech Lab  
  108  13:05  SCV x2  
  110  13:08  Drilling Claws  
  110  13:28  Missile Turret, Widow Mine x3  
  110  13:29  Missile Turret, Widow Mine  
  118  13:40  SCV  
  118  13:41  SCV, Planetary Fortress  
  120  13:46  Refinery  
  120  13:48  Refinery  
  120  13:51  Command Center  
  120  14:09  Widow Mine x2  
  124  14:46  SCV  
  124  14:53  SCV  
  123  15:03  Siege Tank x4, Medivac  
  137  15:32  Medivac  
  137  15:34  Missile Turret  
  139  15:36  Missile Turret  
  139  15:41  Command Center  
  139  15:46  Orbital Command  
  137  16:08  Cyclone x2  
  137  16:28  Raven  
  139  16:53  Thor x2  
  151  17:02  Raven  
  150  17:11  Thor  
  150  17:17  Thor  
  145  17:25  Armory  
  145  17:36  Siege Tank x2  
  147  17:54  Thor  
  153  18:04  Thor  
  150  18:08  Thor  
  150  18:09  Thor  
  126  18:37  Thor  
  126  18:41  Command Center  
  132  18:47  Thor  
  132  18:48  Planetary Fortress  
  138  18:50  Thor  
  138  18:52  Thor  
  150  19:20  Thor  
  147  19:30  Thor  
  144  19:33  Thor  
  144  19:35  Thor  
  144  19:43  SCV x2, Raven  
  148  20:01  Orbital Command  
  148  20:03  Thor  
  154  20:12  Thor  
  159  20:16  Siege Tank  
  159  20:17  Raven  
  159  20:18  Siege Tank  
  113  20:46  Siege Tank  
  113  20:48  Thor  
  116  20:50  Thor  
  116  20:55  Thor  
  128  21:04  Viking  
  127  21:16  Refinery  
  127  21:18  Thor, Refinery  
  133  21:31  Thor  
  133  21:32  Thor  
  138  21:34  Viking  
  138  21:38  Thor  
  151  22:01  Thor  
  151  22:04  Viking  
  153  22:25  Orbital Command  
  153  22:39  Command Center  
  153  22:54  Hellion, Viking  
  153  22:55  Hellion x2  
  154  23:41  Viking  
  154  23:42  Hellion x2  
  140  23:55  Refinery  
  140  23:57  Refinery  
  140  23:59  Command Center x2  
  140  24:01  Supply Depot  
  140  24:32  Hellion  
  140  24:33  Hellion x3  
  136  24:54  Hellion x2, Widow Mine x2  
  94  25:11  Missile Turret  
  94  25:12  Missile Turret x2  
  94  25:13  Neosteel Armor  
  92  25:15  Widow Mine x4  
  92  25:18  Planetary Fortress x2  
  100  25:36  Widow Mine  
  100  25:37  Widow Mine x3  
  106  25:58  Widow Mine x4  
  110  26:19  Cyclone x3  
  110  26:23  Cyclone  
  118  26:38  Orbital Command  
  112  26:51  Cyclone x3  
  121  26:56  Cyclone  
  124  27:02  Ghost Academy  
  124  27:03  Ghost Academy  
  124  27:23  Cyclone x3  
  124  27:28  Barracks Tech Lab, Cyclone  
  133  27:41  Missile Turret  
  127  27:56  Widow Mine x2, Siege Tank  
  132  28:00  Siege Tank  
  135  28:17  Siege Tank  
  138  28:21  Thor  
  144  28:27  Thor  
  144  28:31  Nuke  
  144  28:32  Thor  
  144  28:33  Personal Cloaking  
  150  28:48  Thor  
  144  29:04  Siege Tank  
  137  29:10  Siege Tank  
  137  29:15  Siege Tank  
  140  29:32  Hellion  
  140  29:37  Hellion  
  144  29:43  Hellion  
  146  29:47  Siege Tank  
  146  29:51  Ghost  
  148  29:53  Siege Tank  
  148  29:58  Hellion  
  148  29:59  Nuke  
  153  30:04  Hellion  
  153  30:05  Command Center  
  155  30:09  Missile Turret  
  155  30:12  SCV  
  157  30:14  SCV x3  
  157  30:19  Hellion, Ghost  
  163  30:23  Planetary Fortress  
  163  30:24  SCV  
  163  30:25  Missile Turret  
  163  30:27  Missile Turret  
  164  30:29  Missile Turret  
  155  30:42  Fusion Core  
  155  30:45  Starport  
  155  30:48  Ghost  
  155  30:49  Infernal Pre-Igniter  
  157  30:51  Medivac  
  159  31:11  Command Center  
  159  31:17  Ghost  
  161  31:27  Nuke x2  
  161  31:31  Hellion  
  161  31:32  Hellion x3  
  169  31:45  Ghost  
  171  31:53  Hellion x4  
  171  32:14  Hellion x3, Ghost  
  171  32:35  Nuke  
  171  32:39  Battlecruiser  
  171  32:42  Ghost  
  171  32:44  Starport  
  179  32:49  Starport Tech Lab  
  171  33:11  Ghost  
  169  33:39  Ghost  
  171  33:41  Nuke x2  
  171  33:47  Hellion x2  
  171  33:48  Hellion x2  
  179  33:54  Medivac  
  179  33:55  Medivac  
  181  34:08  Siege Tank x2  
  181  34:09  Thor, Siege Tank  
  192  34:40  Thor  
  171  35:23  Hellion x4  
  177  35:44  Hellion  
  177  35:45  Command Center, Refinery  
  177  35:46  Refinery  
  179  35:51  Nuke  
  179  35:52  Nuke  
  179  36:15  Ghost  
  181  36:44  Ghost  
  149  37:43  Battlecruiser x2  
  161  37:46  Missile Turret  
  153  38:14  Nuke x2  
  153  38:15  Thor  
  153  38:16  Thor x3  
  153  38:18  Terran Vehicle Weapons Level 1, Terran Vehicle And Ship Armor Level 1  
  175  38:48  Battlecruiser x2  
  187  38:58  Thor  
  187  38:59  Thor  
  199  39:16  Planetary Fortress  
  199  39:24  Sensor Tower  
  199  39:26  Missile Turret  
  199  39:31  Nuke x2  
  197  39:54  Planetary Fortress  
  197  40:10  Hellion  
  179  41:11  Battlecruiser  
  179  41:12  Battlecruiser  
  179  41:13  Weapon Refit  
  191  41:30  Hellion x3  
  197  41:40  Nuke x2  
  197  41:41  Starport  
  180  42:09  Ghost  
  182  42:15  Viking  
  182  42:16  Battlecruiser  
  190  42:28  Refinery  
  190  42:31  Refinery  
  190  42:37  Ghost  
  174  43:04  Battlecruiser  
  174  43:06  Ghost  
  162  43:39  Thor  
  170  43:41  Hellion x3  
  146  44:22  Battlecruiser  
  152  44:30  Hellion x4  
  160  44:51  Hellion x4  
  166  45:07  Battlecruiser  
  166  45:13  Hellion x4  
  170  45:28  Raven  
  170  45:31  Starport Tech Lab  
  170  45:34  Hellion  
  164  46:02  SCV  
  161  46:09  Missile Turret  
  161  46:14  SCV  
  162  46:28  Battlecruiser x2  
  174  47:02  Battlecruiser  
  178  47:09  Hellion  
  178  47:10  Hellion x3  
  182  47:32  Raven  
  186  47:43  Ghost  
  186  47:44  Nuke  
  180  47:50  Command Center  
  180  47:58  Starport Tech Lab  
  175  48:52  Nuke  
  175  49:00  Hellion x4  
  183  49:02  Ghost  
  183  49:04  Nuke  
  185  49:21  Hellion  
  177  50:02  Planetary Fortress  
  177  50:11  Missile Turret  
  177  50:12  Missile Turret  
  177  50:14  Missile Turret  
  177  50:45  Refinery x2  
  177  50:50  Command Center  
  177  50:54  Ghost  
  177  51:23  Ghost  
  177  51:38  Raven x2  
  173  51:51  Ghost  
  175  52:20  Ghost, Nuke  
  175  52:38  Missile Turret  
  175  53:07  Nuke  
  175  53:18  Sensor Tower  
  175  53:20  Battlecruiser x2  
  181  54:16  Thor x4  
  187  54:24  Command Center  
  187  54:25  Planetary Fortress  
  181  54:59  Thor x3  
Tags
 
Composition
Lurkers
Matchup
TvZ
Opening
Pool First
Spawn Locations
Cross Positions
Add a new tag
Caveats
  • Supply blocks, unpowered buildings, or Contaminate may cause inaccurate times.
  • Supply counts are checked every 10 seconds.